 Dungeon Crawl Stone Soup version 0.22.1 (console) character file.

434 erker the Sneak (level 6, -3/29 HPs)
             Began as a Spriggan Enchanter on Sept 17, 2018.
             Was a Follower of Ashenzari.
             Slain by an iguana (14 damage)
             ... on level 5 of the Dungeon.
             The game lasted 00:18:59 (4399 turns).

erker the Sneak (Spriggan Enchanter)                Turns: 4399, Time: 00:18:59

Health: -3/29      AC:  2    Str:  4    XL:     6   Next: 67%
Magic:  1/13       EV: 19    Int: 19    God:    Ashenzari [*.....]
Gold:   182        SH:  0    Dex: 16    Spells: 10/13 levels left

rFire    . . .     SeeInvis +   a - +1 dagger (curse)
rCold    . . .     Gourm    .   (shield restricted)
rNeg     . . .     Faith    .   b - +0 robe
rPois    .         Spirit   .   (helmet restricted)
rElec    .         Reflect  .   (no cloak)
rCorr    .         Harm     .   (gloves unavailable)
MR       +....                  (boots unavailable)
Stlth    +++.......             (no amulet)
HPRegen  0.09/turn              (no ring)
MPRegen  0.13/turn              (no ring)

@: very quick
A: very small, unfitting armour, see invisible, herbivore, speed 3, slow
metabolism 2
a: Curse Item, Scrying, Renounce Religion


You were on level 5 of the Dungeon.
You worshipped Ashenzari.
Ashenzari was aware of your devotion.
You were very hungry.

You visited 2 branches of the dungeon, and saw 6 of its levels.

You collected 182 gold pieces.

Inventory:

Hand Weapons
 a - a cursed +1 dagger (weapon)
Missiles
 h - 58 bolts
 m - 47 arrows
 n - 15 poisoned needles
Armour
 b - a +0 robe (worn)
 q - the -8 buckler "Nawaolit" {rElec rF- rCorr Int+3 Dex+3}
   (You found it on level 4 of the Dungeon)

   It affects your intelligence (+3).
   It affects your dexterity (+3).
   It makes you vulnerable to fire.
   It insulates you from electricity.
   It provides partial protection from all sources of acid and corrosion.
Scrolls
 c - 4 scrolls of teleportation {unknown}
 e - 2 scrolls of fear {unknown}
 f - 4 scrolls of identify {unknown}
 g - a scroll of magic mapping {unknown}
 i - 2 scrolls of immolation {unknown}
 l - 2 scrolls of enchant armour {unknown}
 p - a scroll of noise {unknown}
 r - a scroll of enchant weapon {unknown}
 v - a scroll of holy word {unknown}
Potions
 j - 2 potions of ambrosia {unknown}
 k - a potion of curing {unknown}
 o - a potion of might {unknown}
 s - 3 potions of agility {unknown}
 t - a potion of berserk rage {unknown}
 u - 2 potions of degeneration {unknown}
Comestibles
 d - 5 rations


   Skills:
 + Level 0.5 Fighting
 + Level 2.3 Short Blades
 + Level 3.4 Dodging
 + Level 6.5 Stealth
 + Level 4.4 Spellcasting
 + Level 5.2 Hexes
 * Level 2.6 Ice Magic


You had 10 spell levels left.
You knew the following spells:

 Your Spells              Type           Power        Failure   Level  Hunger
a - Corona                Hex            ###....      1%          1    None
z - Ensorcelled Hibernat  Hex/Ice        ###...       4%          2    #......

Your spell library contained the following spells:

 Spells                   Type           Power        Failure   Level  Hunger
 Confuse                  Hex            ###.....     4%          3    ###....
 Tukima's Dance           Hex            ###.....     4%          3    ###....
 Dazzling Spray           Conj/Hex       ##....       14%         3    ###....


Dungeon Overview and Level Annotations

Branches:
Dungeon (5/15)             Temple (1/1) D:4

Altars:
Ashenzari
Cheibriados
Elyvilon
Fedhas
Gozag
Kikubaaqudgha
Makhleb
Nemelex Xobeh
Okawaru
Qazlal
Ru
Trog
Uskayaw
Wu Jian
Xom
Yredelemnul


Innate Abilities, Weirdness & Mutations

You are very small and have problems with some larger weapons.
You are too small for most types of armour.
You have supernaturally acute eyesight. (SInv)
You are a herbivore.
You cover ground extremely quickly.
You need to consume almost no food.


Message History

Unknown command.
You hit the iguana but do no damage.
The iguana is lightly wounded.
The iguana misses you.
You barely miss the iguana.
The iguana is lightly wounded.
The iguana completely misses you.
You hit the iguana but do no damage.
The iguana is lightly wounded.
The iguana completely misses you.
You hit the iguana but do no damage.
The iguana is lightly wounded.
The iguana misses you.
You closely miss the iguana.
The iguana is lightly wounded.
The iguana bites you.
You hit the iguana but do no damage.
The iguana is lightly wounded.
The iguana bites you!
You die...

#.##.#.####
#.##......####
#........<...#
######.##.##.#
#.##.##.#####
#.....(.....#
#.##.##.###)#
###########.##.##.# #.#
.........†...l@...# #.#
#####.#####.#...#####.#
# #....(.......
#.#....####... #.##.#.#
###.# #.##(#.# .#
#.##.#.# .# #.#..... .
#.##c.


You could see an iguana.

Vanquished Creatures
  An orc warrior (D:4)
  A centaur (D:5)
  A scorpion (D:5)
  A centaur skeleton (D:5)
  An iguana (D:5)
  2 worker ants
  2 adders (D:3)
  2 gnolls (D:3)
  4 worms
  A dart slug (D:1)
  5 leopard geckos
  4 orcs
  3 bats
  3 giant cockroaches
  3 goblins
  3 hobgoblins
  8 jackals
  A quokka (D:2)
  A ball python (D:3)
  3 frilled lizards
  5 kobolds
  3 rats
58 creatures vanquished.

Notes
Turn   | Place    | Note
-------+----------+-------------------------------------------
     0 | D:1      | erker the Spriggan Enchanter began the quest for the Orb.
     0 | D:1      | Reached XP level 1. HP: 9/9 MP: 5/5
   246 | D:1      | Reached XP level 2. HP: 8/13 MP: 4/6
   710 | D:1      | Learned a level 2 spell: Ensorcelled Hibernation
  2091 | D:3      | Reached XP level 3. HP: 9/16 MP: 3/8
  2110 | D:4      | Found a staircase to the Ecumenical Temple.
  2119 | Temple   | Entered the Ecumenical Temple
  2257 | Temple   | Became a worshipper of Ashenzari the Shackled
  2608 | D:4      | Reached skill level 5 in Stealth
  2608 | D:4      | Reached skill level 1 in Ice Magic
  2795 | D:4      | Reached * piety under Ashenzari
  2837 | D:4      | Got the uncursed buckler "Nawaolit" {rElec rF- rCorr Int+3
                  | Dex+3}
  2843 | D:4      | Identified the -8 buckler "Nawaolit" {rElec rF- rCorr Int+3
                  | Dex+3} (You found it on level 4 of the Dungeon)
  2877 | D:4      | Noticed an orc warrior
  3041 | D:3      | Reached XP level 4. HP: 21/21 MP: 7/10
  3609 | D:3      | Found a bloodstained altar of Trog.
  4032 | D:4      | Killed an orc warrior
  4032 | D:4      | Reached XP level 5. HP: 13/24 MP: 8/12
  4143 | D:5      | Entered Level 5 of the Dungeon
  4192 | D:5      | Reached skill level 5 in Hexes
  4225 | D:5      | Reached skill level 6 in Stealth
  4225 | D:5      | Reached XP level 6. HP: 10/29 MP: 10/13
  4399 | D:5      | Slain by an iguana

Skill      XL: |  1  2  3  4  5 |
---------------+----------------+-----
Hexes          | 4 5 |  5.2
Spellcasting   | 3 4 |  4.4
Stealth        | 5 6 |  6.5
Ice Magic      | 1 2 |  2.6
Short Blades   | 2 |  2.3
Fighting       | |  0.5
Dodging        | |  3.4

Action                   |  1- 3 |  4- 6 || total
-------------------------+-------+-------++-------
Melee: Dagger            |    91 |   131 ||   222
 Cast: Corona            |     6 |       ||     6
       Ensorcelled Hiber |    17 |    40 ||    57
Invok: Curse Item        |     1 |       ||     1
 Stab: Sleeping          |    13 |    30 ||    43
  Eat: Ration            |       |     1 ||     1
Armor: Robe              |     5 |     6 ||    11
Dodge: Dodged            |    71 |   106 ||   177
